 Dungeon Crawl Stone Soup version 0.17-a0-1409-ge6d9485 (webtiles) character file.

177 wvc the Skirmisher (level 5, 0/42 HPs)
             Began as a Mummy Wanderer on June 22, 2015.
             Was an Initiate of Kikubaaqudgha.
             Slain by a gnoll
             ... wielding a +0 halberd
              (2 damage)
             ... on level 3 of the Dungeon.
             The game lasted 00:06:33 (3485 turns).

wvc the Skirmisher (Mummy Wanderer)                 Turns: 3485, Time: 00:06:34

Health: 0/42       AC:  7    Str: 14    XL:     5   Next: 30%
Magic:  5/5        EV: 11    Int: 13    God:    Kikubaaqudgha [......]
Gold:   61         SH:  0    Dex: 12    Spells: 0 memorised, 4 levels left

rFire  x . .     SeeInvis .     c - +1 trident (pain)
rCold  + . .     Clarity  .     e - +0 ring mail
rNeg   + + +     SustAt   .     (no shield)
rPois  ∞         Gourm    .     l - +0 helmet
rElec  .         Spirit   .     g - +0 cloak
rCorr  .         Warding  .     (no gloves)
rMut   .         Stasis   .     (no boots)
MR     .....                    (no amulet)
Stlth  +.........               (no ring)
                                (no ring)

@: not resistant to hostile enchantments, very unstealthy
A: no food or potions, fire vulnerability, cold resistance 1, negative energy
resistance 3, torment resistance, unbreathing
a: Renounce Religion


You were on level 3 of the Dungeon.
You worshipped Kikubaaqudgha.
Kikubaaqudgha was noncommittal.
You were not hungry.

You visited 1 branch of the dungeon, and saw 3 of its levels.

You collected 61 gold pieces.

Inventory:

Hand weapons
 c - a +1 trident of pain (weapon)
 f - a cursed -1 hunting sling
Missiles
 h - 11 poisoned needles
Armour
 e - a +0 ring mail (worn)
 g - a +0 cloak (worn)
 l - a +0 helmet (worn)
Scrolls
 a - 2 scrolls of blinking
 b - a scroll of teleportation
 d - a scroll of amnesia
 j - 2 scrolls of magic mapping
 k - a scroll of remove curse
Books
 i - a book of the Earth

   Spells                             Type                      Level
   a - Leda's Liquefaction            Hexes/Earth                  4
   b - Bolt of Magma                  Conjuration/Fire/Earth       5
   c - Statue Form                    Transmutation/Earth          6
   d - Iron Shot                      Conjuration/Earth            6
   e - Shatter                        Earth                        9


   Skills:
 - Level 4.0 Fighting
   Level 1.0 Long Blades
 * Level 2.9 Polearms
 - Level 1.0 Throwing
 + Level 2.0 Armour
 + Level 2.0 Dodging
   Level 1.0 Shields
 - Level 1.5 Unarmed Combat


You had 4 spell levels left.
You didn't know any spells.

Dungeon Overview and Level Annotations

Branches:
Dungeon (3/15)

Altars:
Kikubaaqudgha
Zin

Shops:
D:2 *


Innate Abilities, Weirdness & Mutations

You do not eat or drink.
Your flesh is vulnerable to fire.
You are immune to poison.
Your flesh is cold resistant.
You are immune to negative energy.
You are immune to unholy pain and torment.
You can survive without breathing.


Message History

The gnoll is almost dead.
The gnoll hits you from afar with a halberd!
* * * LOW HITPOINT WARNING * * *
You are too injured to fight recklessly!
You are too injured to fight recklessly!
You are too injured to fight recklessly!
You are too injured to fight recklessly!
Attack whom?
Press: ? - help, Dir - move target cursor, f/p - gnoll
Aim: a gnoll, wielding a halberd (almost dead)
You reach to attack!
You barely miss the gnoll.
The gnoll is almost dead.
Attack whom?
Press: ? - help, Dir - move target cursor, f/p - gnoll
Aim: a gnoll, wielding a halberd (almost dead)
You reach to attack!
You barely miss the gnoll.
The gnoll is almost dead.
The gnoll hits you from afar with a halberd.
You die...
Kikubaaqudgha rasps: "You have failed me!
Welcome... oblivion!"

...# ##...# #.............#
...######..####.....(.......#
......................>####.#
...#...).........###.#.# #
...#.###.#.......###.#.#
...#.###.............#..
...#.............#####.##
........................
.......#########@##.##.#
.......# #)...# #......#
#g......# #.....g# #.##..#.#
#......# #.# #.# #........
... .# #......... ... #
#........... ... #...........


You could see a gnoll.

Vanquished Creatures
  Jessica (D:3)
  Robin (D:2)
  2 adders (D:2)
  2 gnolls (D:3)
  2 oozes (D:2)
  3 worms (D:2)
  3 giant geckos (D:2)
  3 orcs (D:3)
  2 giant cockroaches
  16 hobgoblins
  A ball python (D:1)
  3 bats
  4 giant newts (D:1)
  20 goblins
  4 jackals (D:2)
  9 kobolds
  2 rats
78 creatures vanquished.

Notes
Turn   | Place    | Note
--------------------------------------------------------------
     0 | D:1      | wvc the Mummy Wanderer began the quest for the Orb.
     0 | D:1      | wvc set off with: 2 scrolls of blinking, a +0 spear, a scroll of teleportation, a +0 robe
     0 | D:1      | Reached XP level 1. HP: 19/19 MP: 1/1
   108 | D:1      | Reached skill level 1 in Polearms
   300 | D:1      | Reached XP level 2. HP: 25/25 MP: 2/2
  1018 | D:2      | Reached XP level 3. HP: 28/30 MP: 3/3
  1255 | D:2      | Reached skill level 1 in Armour
  1260 | D:2      | Found an ancient bone altar of Kikubaaqudgha.
  1271 | D:2      | Noticed Robin
  1548 | D:2      | Reached XP level 4. HP: 33/37 MP: 4/4
  1601 | D:2      | Found Zin's Purification Station.
  1604 | D:2      | Found a glowing silver altar of Zin.
  2659 | D:2      | Killed Robin
  2763 | D:2      | Became a worshipper of Kikubaaqudgha
  3108 | D:3      | Noticed Jessica
  3113 | D:3      | Killed Jessica
  3113 | D:3      | Reached XP level 5. HP: 42/42 MP: 5/5
  3483 | D:3      | HP: 2/42 [gnoll/halberd (13)]
  3485 | D:3      | Slain by a gnoll

Vault maps used:
D:1:      ncdulo_smallfort, serial_bayou_pond_e
D:2:      zin_purify, lemuel_tele_altar, uniq_robin
D:3:      uniq_jessica

Action                   |  1- 3 |  4- 6 || total
-------------------------+-------+-------++-------
Melee: Spear             |   171 |    98 ||   269
       Trident           |       |    79 ||    79
  Use: Scroll            |     2 |     4 ||     6
